AoeStats
← trashypanda

Yucatan

510670504Analyzed
4v4 RM · 1d ago on Oct 2, 2026· 59m 34s· 8 players
Game mode
Random Map
Map size
Large (8 player)
Population
200
Speed
Normal
Resources
Standard
Victory
Conquest
Starting age
Dark Age
Ending age
Imperial Age
RankedLock teamsTeams togetherTeam positionsShared explorationLock speedFull tech treeHidden civsTurbo modeCheats
Victory
Defeat
🇺🇸 Goths · United States
1217
+16
🇵🇪 Aztecs · Peru
1152
+19
🇺🇸 Chinese · United States
1135
+19
🇨🇦 Gurjaras · Canada
1038
+22
🇨🇴 Teutons · Colombia
1305
-23
🇦🇷 Byzantines · Argentina
1287
-22
🇺🇸 Saxons · United States
1161
-17
🇦🇷 Vietnamese · Argentina
1077
-14
Maniac
7:18 Loom
11:13 Feudal Age
15:04 Castle Age
17:02 Double-Bit Axe
19:48 Wheelbarrow
22:37 Crossbowman
24:16 Gold Mining
24:40 Bow Saw
26:24 Gold Shaft Mining
25:31 Horse Collar
26:53 Padded Archer Armor
26:45 Fletching
28:33 Heavy Plow
29:28 Ballistics
29:50 Hand Cart
29:58 Town Watch
31:33 Stone Mining
35:04 Imperial Age
32:58 Leather Archer Armor
32:38 Bodkin Arrow
32:30 Gambesons
32:45 Squires
32:48 Scale Mail Armor
33:00 Forging
34:32 Stone Shaft Mining
35:00 Pikeman
35:43 Scale Mail Armor
35:53 Forging
35:46 Bracer
36:48 Chemistry
35:57 Arbalester
41:35 Scale Mail Armor
41:45 Forging
41:27 Arson
43:15 Conscription
45:06 Eagle Warrior
45:32 Arson
46:03 Chain Mail Armor
46:23 Iron Casting
45:18 Elite Jaguar Warrior
46:19 Garland Wars
47:19 Plate Mail Armor
46:41 Capped Ram
48:48 Siege Engineers
49:10 Siege Ram
49:20 Eagle Warrior
52:55 Treadmill Crane
Trailmaker
4:11 Loom
12:31 Feudal Age
17:15 Castle Age
17:35 Double-Bit Axe
17:32 Horse Collar
19:05 Heavy Plow
18:58 Gold Mining
18:59 Stone Mining
21:20 Bow Saw
22:28 Wheelbarrow
23:07 Town Watch
26:00 Hand Cart
26:43 Stone Shaft Mining
26:51 Town Patrol
32:08 Imperial Age
30:34 Scale Mail Armor
30:44 Forging
30:40 Treadmill Crane
31:13 Masonry
31:26 Ballistics
31:31 Anarchy
32:22 Squires
31:42 Pikeman
33:10 Chain Mail Armor
33:31 Iron Casting
33:18 Conscription
34:02 Chemistry
32:58 Murder Holes
34:11 Two-Man Saw
33:54 Iron Casting
33:11 Fletching
35:37 Blast Furnace
35:07 Elite Huskarl
35:48 Perfusion
35:25 Sappers
35:43 Halberdier
39:30 Bodkin Arrow
39:22 Capped Ram
56:40 Bracer
57:09 Padded Archer Armor
coolmoose101
0:31 Loom
9:56 Feudal Age
14:24 Town Watch
16:53 Castle Age
15:49 Fletching
16:27 Padded Archer Armor
17:07 Gold Mining
20:22 Crossbowman
23:50 Bodkin Arrow
24:12 Leather Archer Armor
25:34 Double-Bit Axe
26:14 Horse Collar
30:05 Imperial Age
28:07 Stone Mining
30:45 Ballistics
31:58 Wheelbarrow
31:09 Town Watch
32:33 Conscription
33:39 Masonry
36:11 Arbalester
38:08 Thumb Ring
38:38 Ring Archer Armor
43:32 Bracer
50:02 Scale Mail Armor
50:13 Forging
50:05 Squires
49:39 Elite Fire Lancer
51:15 Heavy Plow
51:39 Arson
53:19 Chain Mail Armor
53:40 Iron Casting
54:54 Plate Mail Armor
56:18 Town Patrol
57:26 Blast Furnace
58:07 Hand Cart
59:27 Elite Chu Ko Nu
trashypanda
4:56 Loom
12:26 Feudal Age
17:21 Castle Age
16:49 Scale Barding Armor
16:57 Forging
16:41 Double-Bit Axe
16:37 Horse Collar
16:59 Gold Mining
18:31 Bow Saw
19:33 Bloodlines
19:25 Husbandry
20:05 Heavy Plow
22:46 Wheelbarrow
26:34 Redemption
30:40 Hand Cart
32:28 Chain Barding Armor
32:43 Iron Casting
38:15 Imperial Age
39:25 Kshatriyas
39:44 Frontier Guards
40:01 Plate Barding Armor
40:28 Heavy Camel Rider
40:33 Elite Chakram Thrower
41:18 Scale Mail Armor
42:24 Chemistry
41:35 Fortified Wall
41:46 Ballistics
41:37 Masonry
41:23 Murder Holes
44:02 Conscription
45:10 Fletching
46:14 Bodkin Arrow
46:37 Thumb Ring
46:33 Padded Archer Armor
46:13 Elite Elephant Archer
47:35 Bracer
47:53 Leather Archer Armor
52:03 Crop Rotation
52:11 Architecture
57:16 Chain Mail Armor
nanad14
0:34 Loom
12:19 Feudal Age
13:39 Wheelbarrow
12:47 Horse Collar
12:55 Double-Bit Axe
13:45 Town Watch
16:05 Fishing Lines
19:56 Castle Age
20:01 Fletching
20:11 Padded Archer Armor
20:26 Forging
20:11 Stone Mining
21:43 Gillnets
21:57 Gold Mining
22:06 Bodkin Arrow
21:35 Elite Skirmisher
24:08 Heavy Plow
24:29 Bow Saw
24:53 Scale Barding Armor
25:05 Leather Archer Armor
27:33 Stone Shaft Mining
28:08 Bloodlines
28:33 Husbandry
32:06 Hand Cart
36:03 Imperial Age
36:27 Chatras
37:21 Fortified Wall
37:34 Ballistics
36:55 Treadmill Crane
37:45 Imperial Skirmisher
39:03 Squires
39:53 Iron Casting
39:23 Scale Mail Armor
40:40 Elite Battle Elephant
43:15 Hand Cart
44:58 Chemistry
45:28 Siege Engineers
46:49 Murder Holes
Lord pelusa
0:26 Loom
1:08 Loom
12:22 Feudal Age
13:31 Double-Bit Axe
17:19 Castle Age
15:32 Gold Mining
18:53 Wheelbarrow
19:17 Bow Saw
21:28 Husbandry
22:12 Fishing Lines
23:53 Gold Shaft Mining
23:44 Gillnets
24:47 Stone Mining
25:36 Scale Barding Armor
25:41 Forging
25:36 Horse Collar
31:05 Stone Shaft Mining
30:33 Heavy Plow
33:10 Imperial Age
33:47 Ballistics
33:52 Fletching
34:02 Padded Archer Armor
35:04 Chemistry
34:34 Conscription
33:48 Cavalier
34:09 Elite Skirmisher
36:12 Two-Man Saw
36:14 Thumb Ring
38:13 Bodkin Arrow
38:33 Leather Archer Armor
39:38 Fortified Wall
41:37 Guard Tower
42:08 Bombard Tower
42:39 Conscription
42:30 Heavy Camel Rider
44:55 Imperial Skirmisher
46:26 Bracer
46:57 Ring Archer Armor
47:31 Hoardings
48:00 Hoardings
49:01 Paladin
Little Monster
11:45 Feudal Age
10:14 Loom
12:24 Double-Bit Axe
16:55 Castle Age
16:18 Horse Collar
18:22 Bow Saw
19:45 Wheelbarrow
20:23 Fishing Lines
22:45 Horse Collar
24:29 Gillnets
27:14 Forging
27:04 Scale Mail Armor
26:27 Pikeman
27:08 Squires
26:53 Arson
30:33 Iron Casting
30:13 Chain Mail Armor
30:19 Town Watch
33:29 Gambesons
33:04 Man-at-Arms
35:54 Fortified Wall
36:29 Chain Mail Armor
40:30 Imperial Age
40:15 Murder Holes
40:51 Hand Cart
40:51 Masonry
40:44 Heavy Plow
40:51 Halberdier
42:22 Town Patrol
43:26 Two-Man Saw
43:17 Plate Mail Armor
42:56 Elite Varangian Guard
47:34 Conscription
47:14 Capped Ram
47:31 Shield Wall
50:38 Fletching
50:49 Padded Archer Armor
50:45 Elite Skirmisher
52:28 Fletching
52:39 Padded Archer Armor
53:41 Chemistry
52:12 Imperial Skirmisher
Caballero Cruzado
1:27 Loom
11:55 Feudal Age
13:26 Double-Bit Axe
15:32 Wheelbarrow
15:30 Forging
15:25 Scale Barding Armor
15:15 Gold Mining
18:41 Bloodlines
23:13 Castle Age
24:14 Chain Barding Armor
24:30 Iron Casting
24:20 Bow Saw
23:52 Horse Collar
24:37 Hand Cart
30:52 Town Watch
33:07 Stone Mining
35:42 Stone Shaft Mining
38:13 Imperial Age
35:53 Scale Mail Armor
35:45 Fletching
36:15 Devotion
37:06 Chain Mail Armor
37:51 Squires
37:37 Arson
39:57 Plate Barding Armor
40:22 Blast Furnace
38:45 Cavalier
40:13 Bodkin Arrow
40:52 Conscription
39:53 Elite Teutonic Knight
40:55 Ironclad
41:41 Two-Man Saw
40:43 Town Patrol
40:45 Heavy Plow
41:52 Plate Mail Armor
41:51 Crenellations
42:35 Chemistry
43:33 Crop Rotation
46:46 Paladin
49:10 Hoardings
52:32 Gambesons
52:08 Man-at-Arms
52:10 Pikeman
55:51 Hoardings
Connection lost

Rejoining the realm…

Still unreachable

The connection could not be restored.

Session expired

The server has moved on; the page needs a fresh start.